 Dungeon Crawl Stone Soup version 0.25-a0-479-g8579842fd4 (webtiles) character file.

Game seed: 3320566665560950220, levelgen mode: deterministic

37 Notrik the Skirmisher (level 3, -2/35 HPs)
             Began as a Hill Orc Berserker on Feb 9, 2020.
             Was a Follower of Trog.
             Slain by a gnoll
             ... wielding a +0 flail
              (4 damage)
             ... on level 1 of the Dungeon.
             The game lasted 00:01:45 (829 turns).

Notrik the Skirmisher (Hill Orc Berserker)           Turns: 829, Time: 00:01:46

Health: -2/35      AC: 11    Str: 20    XL:     3   Next: 39%
Magic:  3/3        EV:  6    Int:  7    God:    Trog [*.....]
Gold:   36         SH:  0    Dex: 10    Spells: 2/2 levels left

rFire    . . .     SeeInvis .   a - +0 hand axe
rCold    . . .     Gourm    .   (no shield)
rNeg     . . .     Faith    .   g - +0 plate armour
rPois    .         Spirit   .   (no helmet)
rElec    .         Reflect  .   (no cloak)
rCorr    .         Harm     .   (no gloves)
MR       .....                  (no boots)
Stlth    ..........             (no amulet)
HPRegen  0.11/turn              (no ring)
MPRegen  0.08/turn              (no ring)

@: no status effects
A: no striking features
a: Berserk, Renounce Religion


You were on level 1 of the Dungeon.
You worshipped Trog.
Trog was aware of your devotion.
You were not hungry.

You visited 1 branch of the dungeon, and saw 2 of its levels.

You collected 36 gold pieces.

Inventory:

Hand Weapons
 a - a +0 hand axe (weapon)
Armour
 g - a +0 plate armour (worn)
   (You found it on level 1 of the Dungeon)
Scrolls
 c - 2 scrolls of identify {unknown}
Potions
 d - a potion of berserk rage {unknown}
 f - a potion of agility {unknown}
Comestibles
 b - 2 chunks of flesh
 e - 2 rations {!d}


   Skills:
 * Level 4.8 Fighting
 + Level 4.6 Axes
 + Level 2.3 Armour
 - Level 1.5 Dodging


You had 2 spell levels left.
You didn't know any spells.
Your spell library was empty.

Dungeon Overview and Level Annotations

Branches:
Dungeon (2/15)

Altars:


Message History

The gnoll barely misses you. The hobgoblin barely misses you.
You closely miss the hobgoblin. You hit the gnoll but do no damage.
The gnoll hits you but does no damage. The hobgoblin barely misses you.
You slash the hobgoblin!
You kill the hobgoblin!
Trog accepts your kill.
You hit the gnoll. The gnoll closely misses you.
A gnoll comes into view. It is wielding a +0 flail.
The gnoll shouts!
The rat bites you but does no damage. The gnoll barely misses you.
You barely miss the gnoll. You slash the rat!
You kill the rat!
Trog accepts your kill.
You hit the gnoll but do no damage. The gnoll hits you but does no damage.
The gnoll barely misses you.
You hit the gnoll. x3; The gnoll hits you but does no damage.
The gnoll hits you with a +0 club. The gnoll hits you with a +0 flail.
The gnoll barely misses you.
You hit the gnoll. You hit the gnoll but do no damage. You hit the gnoll.
The gnoll hits you but does no damage. x3
You hit the gnoll but do no damage. You hit the gnoll. x2
The gnoll barely misses you. The gnoll hits you but does no damage.
The gnoll hits you with a +0 whip.
You hit the gnoll.
You kill the gnoll!
Trog accepts your kill.
You closely miss the gnoll. You barely miss the gnoll.
A kobold comes into view. It is wielding a +0 short sword.
The gnoll hits you but does no damage. The gnoll hits you with a +0 flail!
* * * LOW HITPOINT WARNING * * *
The gnoll hits you but does no damage.
There is a stone staircase leading up, spattered with blood here.
Things that are here:
a +0 club; 12 gold pieces; a gnoll corpse You barely miss the gnoll.
The gnoll hits you but does no damage. The gnoll hits you with a +0 flail!
* * * LOW HITPOINT WARNING * * *
The gnoll hits you but does no damage.
You climb upwards.
There is a stone staircase leading down here.
Your plate armour prevents you from hitting the gnoll.
You hit the gnoll. The gnoll hits you but does no damage.
The gnoll hits you with a +0 whip.
* * * LOW HITPOINT WARNING * * *
Your plate armour prevents you from hitting the gnoll. x2
The gnoll hits you but does no damage. The gnoll hits you with a +0 whip.
* * * LOW HITPOINT WARNING * * *
You hit the gnoll. You hit the gnoll but do no damage.
The gnoll hits you with a +0 flail.
You die...

## #### .############## #...
..............###### #.##
..###.##.......g@g.# #.# ..#
#.##..#.#..###.######### #.# ..#
#.##..#.#..............###.##
..###.##(..................##.#.#
............#.####.##........###.
..###.##.####.# #.##......##.#.#
..# #.##>.###.# #.##......###.##
..###.........####.##.##.....#...
#......................#####.####


You could see 2 gnolls.

Vanquished Creatures
  A gnoll (D:2)
  4 goblins (D:1)
  7 hobgoblins
  6 kobolds (D:1)
  4 bats (D:1)
  3 rats
25 creatures vanquished.

Notes
Turn   | Place    | Note
-------+----------+-------------------------------------------
     0 | D:1      | Notrik the Hill Orc Berserker began the quest for the Orb.
     0 | D:1      | Reached XP level 1. HP: 19/19 MP: 1/1
   165 | D:1      | Reached XP level 2. HP: 24/27 MP: 2/2
   709 | D:1      | Reached XP level 3. HP: 33/34 MP: 3/3
   829 | D:1      | Slain by a gnoll

Levels and vault maps discovered:
D:1:      lightli_arrival_noodles, layout_loops_ring
D:2:      layout_loops_cross, lemuel_coloured_pillars_altar

Skill      XL: |  1 |
---------------+----+-----
Fighting       | 4 |  4.8
Axes           | |  4.6
Armour         | |  2.3
Dodging        | |  1.5

Action                   || total
-------------------------++-------
Melee: Hand axe          ||    86
Armor: Animal skin       ||    14
       Plate armour      ||    43
Dodge: Dodged            ||    40

Table legend:
 A = Non-vault XP
 B = Vault XP
 C = Vault XP percentage of total XP
 D = Non-vault monster count
 E = Vault monster count
 F = Vault count percentage of total count
                 A         B        C        D         E       F
            +---------+---------+-------+---------+---------+-------
      Total |      53 |       0 |   0.0 |      25 |       0 |   0.0
            +---------+---------+-------+---------+---------+-------
        D:1 |      34 |       0 |   0.0 |      21 |       0 |   0.0
        D:2 |      19 |       0 |   0.0 |       4 |       0 |   0.0
            +---------+---------+-------+---------+---------+-------
